Match 42151215
Unlisted

Match 42151215
End
Construct Section Command Post
Vickers Machine Gun Team
Dingo Light Scout Car
Dingo Light Scout Car
Selects Canadian Shock Battlegroup
Selects Canadian Shock Battlegroup
Selects Attacking Spirit
Selects Canadian Shock Section
Canadian Shock Section
Construct Platoon Command Post
6-pounder Anti-tank Gun Team
Selects Incendiary Munitions
Construct Field Infirmary
Canadian Shock Section
Infantry Training
CMP 15cwt Truck
Selects Pyrotechnics
Construct Company Command Post
6-pounder Anti-tank Gun Team
Unlock Bishop Self-propelled Artillery
Bishop Self-propelled Artillery
Construct Company Command Post
Unlock M3 Grant Medium Tanks
Selects Smoke Operation
M3 Grant Medium Tank
M3 Grant Medium Tank
Smoke Operation
CMP 15cwt Truck
CMP 15cwt Truck
M3 Grant Medium Tank
Royal Engineer Section
Smoke Operation
Selects Churchill Crocodile Heavy Tank
Armored Vehicle Training
M3 Grant Medium Tank
M3 Grant Medium Tank
Smoke Operation
Foot Guards Section
M3 Grant Medium Tank
ww26282006
Papa Rojo
微操蒋中正
90WISHROCKX
insane
Ecompany1942
foxtro52
[B2G] Sluchis III
0
0

Comments sign in to comment!

No comments posted yet!